 Dungeon Crawl Stone Soup version 0.26-a0-651-gb41185065b (webtiles) character file.

Game seed: 2264249496572739627

326455 Apogee the Deadly Accurate (level 20, -2/210 HPs)
             Began as a Troll Monk on Sept 30, 2020.
             Was the Champion of Okawaru.
             Slain by an orc warrior
             ... wielding a +0 war axe
             ... led by an orc knight
              (17 damage)
             ... on level 3 of the Vaults.
             The game lasted 01:35:49 (45125 turns).

Apogee the Deadly Accurate (Troll Monk)            Turns: 45125, Time: 01:35:50

Health: -2/210     AC: 21    Str: 24    XL:     20   Next: 76%
Magic:  25/25      EV: 18    Int:  6    God:    Okawaru [******]
Gold:   2484       SH: 21    Dex: 20    Spells: 17/19 levels left

rFire    + + .     SeeInvis +     - Unarmed
rCold    + . .     Faith    .   y - +2 kite shield {rF+}
rNeg     + . .     Spirit   .   e - +1 shadow dragon scales
rPois    .         Reflect  +   J - +2 hat {MR+}
rElec    .         Harm     .   N - scarf {shadows}
rCorr    .         Rampage  .   (gloves unavailable)
MR       ++...                  (boots unavailable)
Stlth    +++.......             S - amulet of reflection
HPRegen  0.85/turn              x - ring "Rysm" {rF+ rC+ Dex+2}
MPRegen  0.19/turn              U - ring "Woasorgh" {rN+ EV+4 SInv}

@: lethally poisoned (-2 -> -2)
A: large, unfitting armour, claws 3, regeneration 1, shaggy fur 1, tough skin 3
}: 2/15 runes: barnacled, gossamer
a: Heroism, Finesse, Renounce Religion


You were on level 3 of the Vaults.
You worshipped Okawaru.
Okawaru was exalted by your worship.
You visited 7 branches of the dungeon, and saw 35 of its levels.

You collected 4484 gold pieces.
You spent 2000 gold pieces at shops.

Inventory:

Hand Weapons
 j - the +3 sling "Punk" {acid, rCorr}
   (Okawaru gifted it to you on level 3 of the Vaults)

   It provides partial protection from all sources of acid and corrosion.
Missiles
 b - 53 large rocks
 p - 87 boomerangs (quivered)
 q - 7 throwing nets {!f}
 T - 42 silver javelins
Armour
 e - +1 shadow dragon scales (worn)
   (Okawaru gifted it to you on level 2 of the Vaults)
 y - a +2 kite shield of fire resistance (worn)
   (You acquired it on level 3 of the Spider Nest)
 J - a +2 hat of magic resistance (worn)
   (You took it off Gastronok on level 10 of the Dungeon)
 N - a scarf of shadows (worn)
   (Okawaru gifted it to you on level 10 of the Dungeon)
Jewellery
 h - an uncursed ring of wizardry
   (You found it on level 1 of the Dungeon)
 x - the ring "Rysm" (left claw) {rF+ rC+ Dex+2}
   (You bought it in a shop on level 3 of the Vaults)

   [ring of protection from fire]

   It affects your dexterity (+2).
   It protects you from fire.
   It protects you from cold.
 A - an uncursed ring of resist corrosion
   (You found it on level 7 of the Dungeon)
 S - an amulet of reflection (around neck)
   (You found it on level 4 of the Lair of Beasts)
 U - the ring "Woasorgh" (right claw) {rN+ EV+4 SInv}
   (You found it on level 3 of the Lair of Beasts)

   [ring of evasion]

   It affects your evasion (+4).
   It protects you from negative energy.
   It lets you see invisible.
 W - an uncursed ring of poison resistance
   (You found it on level 1 of the Spider Nest)
Wands
 d - a wand of iceblast (26)
   (You found it on level 7 of the Dungeon)
 u - a wand of paralysis (16)
   (You found it on level 4 of the Lair of Beasts)
 v - a wand of digging (8)
   (You found it on level 3 of the Lair of Beasts)
 D - a wand of polymorph (36)
   (You found it on level 8 of the Dungeon)
 Q - a wand of enslavement (26)
   (You found it on level 4 of the Lair of Beasts)
Scrolls
 a - 4 scrolls of enchant weapon
 g - 5 scrolls of enchant armour
 i - a scroll of identify {@r1}
 n - 11 scrolls of remove curse {@r2}
 o - 7 scrolls of magic mapping
 B - a scroll of holy word
 E - 5 scrolls of fog
 G - 3 scrolls of fear
 O - 4 scrolls of immolation {!r}
 V - 12 scrolls of teleportation {@r4}
Potions
 f - 4 potions of lignification {!q}
 k - a potion of cancellation
 m - 3 potions of mutation {!q}
 r - 16 potions of curing {@q1}
 s - 7 potions of flight
 t - 2 potions of might {unknown}
 w - a potion of berserk rage
 C - 4 potions of brilliance
 K - a potion of invisibility
 L - 4 potions of haste {@q3}
 P - a potion of resistance {unknown}
 X - a potion of heal wounds {unknown}
Miscellaneous
 c - a phantom mirror
   (You found it on level 3 of the Vaults)
 Y - a condenser vane (2/2)
   (You found it on level 14 of the Dungeon)


   Skills:
 - Level 15.0 Fighting
 + Level 15.6 Throwing
 - Level 10.0 Armour
 - Level 12.0 Dodging
 - Level 1.0 Stealth
 + Level 13.6 Shields
 - Level 15.0 Unarmed Combat
 - Level 8.0 Invocations
 - Level 8.0 Evocations


You had 17 spell levels left.
You knew the following spells:

 Your Spells              Type           Power        Failure   Level
a - Corona                Hex            #......      95%         1
c - Apportation           Tloc           #.....       95%         1

Your spell library contained the following spells:

 Spells                   Type           Power        Failure   Level
 Animate Skeleton         Necr           #.....       95%         1
 Beastly Appendage        Tmut           #.....       95%         1
 Pain                     Necr           #...         95%         1
 Sandblast                Erth           #.....       95%         1
 Shock                    Conj/Air       #...         95%         1
 Summon Small Mammal      Summ           #...         95%         1
 Call Imp                 Summ           #.......     99%         2
 Ensorcelled Hibernation  Hex/Ice        #.....       99%         2
 Passwall                 Tmut/Erth      #.......     99%         2
 Slow                     Hex            #.......     99%         2
 Call Canine Familiar     Summ           #.......     100%        3
 Confusing Touch          Hex            #.......     100%        3
 Gell's Gravitas          Tloc           #.........   100%        3
 Ignite Poison            Fire/Tmut/Pois #.......     100%        3
 Inner Flame              Hex/Fire       #.......     100%        3
 Portal Projectile        Hex/Tloc       #.....       100%        3
 Static Discharge         Conj/Air       #.......     100%        3
 Stone Arrow              Conj/Erth      #.....       100%        3
 Summon Guardian Golem    Hex/Summ       #.......     100%        3
 Vampiric Draining        Necr           #.........   100%        3
 Animate Dead             Necr           #.........   100%        4
 Cause Fear               Hex            #.........   100%        4
 Leda's Liquefaction      Hex/Erth       #.........   100%        4
 Petrify                  Tmut/Erth      #.......     100%        4
 Summon Ice Beast         Ice/Summ       #.......     100%        4
 Summon Lightning Spire   Summ/Air       #.......     100%        4
 Agony                    Necr           #.......     100%        5
 Borgnjor's Vile Clutch   Necr/Erth      #.........   100%        5
 Lee's Rapid Deconstruct  Erth           #.........   100%        5
 Metabolic Englaciation   Hex/Ice        #.........   100%        5
 Silence                  Hex/Air        #.........   100%        5
 Summon Demon             Summ           #.........   100%        5
 Summon Forest            Summ/Tloc      #.........   100%        5
 Summon Mana Viper        Hex/Summ       #.......     100%        5
 Yara's Violent Unravell  Hex/Tmut       #.........   100%        5
 Shadow Creatures         Summ           N/A          100%        6
 Summon Hydra             Summ           #.........   100%        7


Dungeon Overview and Level Annotations

Branches:
Dungeon (15/15)            Temple (1/1) D:7            Lair (6/6) D:10
 Shoals (4/4) Lair:4       Spider (4/4) Lair:4        Slime (0/5) Lair:5
    Orc (1/2) D:11         Vaults (4/5) D:13          Crypt (0/3) Vaults:3
 Depths (0/5) D:15

Altars:
Ashenzari
Cheibriados
Elyvilon
Hepliaklqana
Kikubaaqudgha
Makhleb
Nemelex Xobeh
Okawaru
Qazlal
Sif Muna
Trog
Xom
Yredelemnul
Zin
The Shining One
Beogh

Shops:
D:6 (   D:8 }   D:13 *   D:14 *   D:15 (   Orc:1 [   Vaults:2 (   Vaults:3 =

Portals:
Hell: Lair:6

Annotations:
D:5 3 runed translucent doors, Lanoc's ghost, amateur DsTm
D:14 3 runed translucent doors, Totusom's ghost, journeyman MiFi
Lair:2 1 runed translucent door, XO4YCPATb's ghost, novice TrMo
Lair:3 exclusion: oklob plant
Shoals:1 1 runed translucent door, LychAStronaut's ghost, journeyman TrFi
Shoals:2 1 runed translucent door, psellion's ghost, adept MiAK
Shoals:3 1 runed translucent door, Avuolin's ghost, adept HaHu
Shoals:4 Polyphemus
Vaults:4 Sojobo


Innate Abilities, Weirdness & Mutations

You are too large for most types of armour.
You have claws for hands.
Your natural rate of healing is unusually fast.
You are covered in fur. (AC +1)
You have extremely tough skin. (AC +3)


Message History

The tengu reaver gestures at you while chanting.
Items here: ( )))))) [[[[[.
You feel sick.
The orc warrior hits you but does no damage.
There is an open door, spattered with blood here.
The orc warrior shouts!
You claw the orc warrior!
You feel sick.
An orc and an orc knight come into view.
You feel sick.
The orc knight shouts!
The tengu reaver is engulfed in poison gas.
The tengu reaver looks even sicker.
You block the orc warrior's attack.
Items here: )))))) [[[[.
You feel sick. You block the orc warrior's attack.
The orc warrior hits you with a +0 war axe.
* * * LOW HITPOINT WARNING * * *
The orc knight roars a battlecry!
The orcs go into a battle-frenzy!
You feel sick. You block the orc warrior's attack.
You feel sick. You block the orc warrior's attack.
You feel sick.
An ironbrand convoker comes into view. It is wielding a +0 great mace.
You feel sick.
Unknown command.
The orc knight hits you with a +0 war axe!
* * * LOW HITPOINT WARNING * * *
The tengu reaver casts a spell.
The tengu reaver conjures a globe of magical energy!
The orc shouts!
A battlesphere comes into view.
You feel sick.
The ironbrand convoker shouts!
There is an open door here.
You feel sick.
Unknown command.
You feel sick.
You feel sick.
There is a stone staircase leading up, spattered with blood here.
You see here an arrow.
The orc warrior no longer looks unusually strong.
You block the orc warrior's attack.
You climb upwards.
The battlesphere dissipates.
You feel sick.
There is a stone staircase leading down, spattered with blood here.
Items here: ====.
You scratch the orc warrior but do no damage.
The orc warrior hits you but does no damage.
You closely miss the orc warrior. You barely miss the orc warrior.
You feel sick.
The orc warrior hits you with a +0 war axe!
You die...

#.#..########......## #.#.##
###'##'..#...###.....##
#.).'.
#...#.#..'.....##.....#
#.#)#.
#...###..#......##....##
#.#)#. #####
####.......##.[..# #.#.##
####..[..#.)[.# #.#(..
#..'#....##...## #.####
#...##÷)..'....# #.....
#....#.@[.#.(..# ######
#....#.o÷.#....#
#######'################
#.................
#.................
#.................
#.................
#.................
############.....############


You could see an orc warrior (strong).

Vanquished Creatures
  Arachne (Spider:3)
  Asterion (Vaults:1)
  2 krakens
  Gastronok (D:10)
  A shadow dragon (Vaults:3)
  Agnes (Spider:2)
  A sphinx (Vaults:3)
  Kirke (D:13)
  Ilsuiw (Shoals:2)
  3 fire giants
  A deep elf sorcerer (Vaults:1)
  Louise (Shoals:1)
  10 vault wardens
  6 emperor scorpions
  3 ghost moths (Spider:4)
  A frost giant (Vaults:3)
  16 ironheart preservers
  5 entropy weavers
  3 very ugly things (Vaults:3)
  3 stone giants
  Azrael (Spider:2)
  2 dire elephants (Lair:6)
  3 spark wasps
  3 merfolk javelineers
  2 ettins
  3 deep elf death magi
  A fire dragon (Vaults:3)
  6 merfolk impalers
  11 ogre magi
  3 yaktaur captains
  A great orb of eyes (Vaults:1)
  2 rakshasas (Vaults:2)
  8 vault guards
  5 hydras
  An ice dragon (Vaults:3)
  2 merfolk avatars
  2 merfolk aquamancers
  5 death knights
  An alligator snapping turtle (Shoals:2)
  15 death yaks
  9 centaur warriors
  7 satyrs
  40 two-headed ogres
  Erica (D:9)
  An orc high priest (Orc:1)
  3 deep troll earth magi
  2 deep troll shamans
  3 deep elf knights
  Sonja (Lair:2)
  A sixfirhy (Lair:6)
  An iron troll (D:13)
  6 skeletal warriors
  A shadow wraith (Vaults:1)
  7 sea snakes
  4 unseen horrors
  2 glowing orange brains (Vaults:2)
  9 wizards
  2 flayed ghosts
  10 ironbrand convokers
  11 deep elf archers
  14 deep trolls
  2 phantasmal warriors
  34 wolf spiders
  4 necromancers
  12 orc knights
  17 orb spiders
  36 harpies
  16 deep elf magi
  7 ugly things
  2 orc sorcerers
  13 fauns
  5 cyclopes
  10 manticores
  An oklob plant (Lair:6)
  A cyclops (shapeshifter) (Vaults:2)
  A moth of wrath (Spider:3)
  6 merfolk sirens
  13 vault sentinels
  14 elephants
  2 orange demons (Lair:6)
  Psyche (D:11)
  7 water nymphs
  8 cane toads
  A naga mage (D:15)
  A cane toad (shapeshifter) (Vaults:2)
  3 torpor snails
  11 komodo dragons
  Maggie (D:8)
  3 gargoyles
  A hellwing (Lair:6)
  A kobold demonologist (D:13)
  9 freezing wraiths
  38 yaktaurs
  A yaktaur (shapeshifter) (Vaults:4)
  2 ice devils (Lair:6)
  7 rime drakes
  A red devil (Lair:6)
  11 demonic crawlers
  A queen bee (D:9)
  A queen bee (shapeshifter) (Vaults:1)
  8 trolls
  A polar bear (shapeshifter) (Vaults:2)
  20 jumping spiders
  24 merfolk
  8 wind drakes
  17 blink frogs
  5 polar bears
  30 slime creatures
  6 hornets
  An ettin zombie (Vaults:1)
  11 dream sheep
  14 hippogriffs
  4 snapping turtles
  A hippogriff (shapeshifter) (D:12)
  An ice dragon zombie (Vaults:1)
  2 human simulacra
  A centaur simulacrum (D:14)
  32 tarantellas
  2 vampires
  91 redbacks
  5 water elementals
  2 wraiths (D:13)
  A hog (D:13)
  50 yaks
  4 wyverns
  4 fire elementals (Spider:2)
  7 basilisks
  Grum (D:11)
  2 steam dragons
  2 yaktaur simulacra (Vaults:1)
  6 vampire mosquitoes
  2 soldier ants
  9 wargs
  3 acid dragons
  An elf zombie (Vaults:1)
  5 hell hounds
  9 porcupines
  11 water moccasins
  25 orc warriors
  An ogre skeleton (Vaults:1)
  A black bear (shapeshifter) (Vaults:2)
  6 sky beasts
  An eye of draining (D:11)
  9 black bears
  2 ice beasts
  3 phantoms
  19 wolves
  An ettin simulacrum (Vaults:3)
  8 boggarts
  25 ogres
  15 centaurs
  3 human zombies (Vaults:1)
  2 big kobolds
  13 crocodiles
  A bullfrog (shapeshifter) (Vaults:2)
  23 bullfrogs
  2 gnoll sergeants
  A wyvern zombie (D:14)
  A wyvern skeleton (D:11)
  25 killer bees
  4 scorpions
  21 wights
  An electric eel (Spider:1)
  2 centaur zombies
  A quasit (D:7)
  3 bullfrog skeletons
  3 bullfrog zombies
  4 hounds
  14 orc priests
  7 centaur skeletons
  2 gnoll shamans
  3 jellies
  20 orc wizards
  3 iguanas
  10 worker ants
  3 hound skeletons
  9 adders
  22 gnolls
  A howler monkey skeleton (D:4)
  2 shadow imps (D:5)
  3 white imps
  2 ufetubi
  An ooze (D:2)
  2 adder zombies (D:5)
  3 worms
  2 dart slugs
  4 leopard geckos
  92 orcs
  3 ball pythons
  6 bats
  8 giant cockroaches
  8 goblins
  6 hobgoblins
  12 jackals
  5 quokkas
  8 frilled lizards
  A goblin zombie (D:7)
  A hobgoblin zombie (D:7)
  A jackal zombie (D:5)
  12 kobolds
  2 kobold zombies (D:7)
  3 leopard gecko skeletons
  3 orc skeletons
  2 quokka skeletons
  A quokka zombie (D:8)
  20 rats
  7 tentacles
1522 creatures vanquished.

Vanquished Creatures (others)
  A redback (Spider:4)
  2 humans (D:13)
  A bullfrog zombie (D:13)
  An orc priest (D:13)
  3 kobolds (D:13)
  A bush (Lair:4)
  19 fungi
  199 plants
  12 tentacles
239 creatures vanquished.

Grand Total: 1761 creatures vanquished

Notes
Turn   | Place    | Note
-------+----------+-------------------------------------------
     0 | D:1      | Apogee the Troll Monk began the quest for the Orb.
     0 | D:1      | Reached XP level 1. HP: 22/22 MP: 0/0
   161 | D:1      | Reached XP level 2. HP: 29/29 MP: 1/1
   691 | D:1      | Reached XP level 3. HP: 36/36 MP: 2/2
  1168 | D:2      | Reached XP level 4. HP: 39/44 MP: 3/3
  1638 | D:3      | Found an iron altar of Okawaru.
  1700 | D:3      | Became a worshipper of Warmaster Okawaru
  1700 | D:3      | Reached * piety under Okawaru
  1700 | D:3      | Reached ** piety under Okawaru
  1713 | D:3      | Found a broken altar of Ashenzari.
  1720 | D:3      | Reached XP level 5. HP: 53/53 MP: 4/4
  1774 | D:3      | Noticed a sky beast
  1786 | D:3      | Killed a sky beast
  1786 | D:3      | Reached skill level 5 in Unarmed Combat
  2165 | D:4      | Noticed an ogre
  2170 | D:4      | Killed an ogre
  2170 | D:4      | Reached XP level 6. HP: 56/61 MP: 5/5
  2186 | D:4      | Found a shimmering altar of Xom.
  2303 | D:4      | Found a snail-covered altar of Cheibriados.
  2330 | D:4      | Reached skill level 1 in Invocations
  2683 | D:5      | Entered Level 5 of the Dungeon
  2831 | D:5      | Reached XP level 7. HP: 47/68 MP: 5/7
  3315 | D:5      | Found a runed translucent gate.
  3315 | D:5      | Found a runed translucent gate.
  3315 | D:5      | Found a runed translucent gate.
  3318 | D:5      | Noticed Lanoc's ghost (amateur DsTm)
  3338 | D:5      | Identified the +3 ring mail of Joy {Str+2}
  3525 | D:5      | Found a roughly hewn altar of Beogh.
  3568 | D:6      | Reached *** piety under Okawaru
  3706 | D:6      | Reached XP level 8. HP: 52/78 MP: 8/8
  3898 | D:6      | Found a glowing silver altar of Zin.
  3908 | D:6      | Learned a level 1 spell: Apportation
  4064 | D:6      | Found Bogomoum's Weapon Shop.
  4262 | D:6      | Reached **** piety under Okawaru
  4332 | D:6      | Reached skill level 5 in Dodging
  4353 | D:6      | Reached skill level 5 in Fighting
  4529 | D:7      | Found a basalt altar of Yredelemnul.
  4576 | D:7      | Found a staircase to the Ecumenical Temple.
  4658 | Temple   | Entered the Ecumenical Temple
  4793 | D:7      | Found a glowing golden altar of the Shining One.
  4955 | D:7      | Reached skill level 1 in Throwing
  4955 | D:7      | Reached XP level 9. HP: 44/88 MP: 9/11
  4958 | D:7      | Received a gift from Okawaru
  5752 | D:8      | Found Simol's Gadget Boutique.
  5761 | D:8      | Noticed Maggie
  6221 | D:8      | Killed Maggie
  6221 | D:8      | Reached ***** piety under Okawaru
  6458 | D:8      | Found a stormy altar of Qazlal.
  6482 | D:8      | Learned a level 1 spell: Corona
  6713 | D:9      | Reached XP level 10. HP: 96/96 MP: 12/12
  6836 | D:9      | Noticed Erica
  6868 | D:9      | Killed Erica
  6925 | D:9      | Noticed a two-headed ogre
  6941 | D:9      | Killed a two-headed ogre
  6941 | D:9      | Reached skill level 10 in Unarmed Combat
  7041 | D:9      | Received a gift from Okawaru
  7042 | D:9      | Got a twisted triple sword {god gift}
  7043 | D:9      | Identified the +6 triple sword "Buotyopn" {flame, rC+
                  | Str+5} (Okawaru gifted it to you on level 9 of the Dungeon)
  7081 | D:9      | Found a white marble altar of Elyvilon.
  7235 | D:9      | Noticed a two-headed ogre
  7241 | D:9      | Killed a two-headed ogre
  7389 | D:9      | Reached skill level 5 in Throwing
  7389 | D:9      | Reached skill level 5 in Invocations
  7593 | D:9      | Received a gift from Okawaru
  7594 | D:9      | Got a faintly humming hat {god gift}
  7600 | D:9      | Identified the +0 hat "Deihasyr" {rPois Str-5 Dex-5 Slay+4}
                  | (Okawaru gifted it to you on level 9 of the Dungeon)
  7840 | D:9      | You fall into a shaft and drop 3 floors!
  7911 | D:12     | Noticed a purple ugly thing
  7933 | D:12     | Killed a purple ugly thing
  7933 | D:12     | Reached XP level 11. HP: 95/105 MP: 12/14
  7991 | D:13     | Found Vooniu Ohuhu's Assorted Antiques.
  8138 | D:12     | Noticed a green ugly thing
  8154 | D:12     | Killed a green ugly thing
  8550 | D:12     | Found a shimmering blue altar of Sif Muna.
  8720 | D:10     | Entered Level 10 of the Dungeon
  8747 | D:10     | Found a staircase to the Lair.
  8759 | D:10     | Noticed a two-headed ogre
  8769 | D:10     | Killed a two-headed ogre
  9086 | D:10     | Received a gift from Okawaru
  9125 | D:10     | Found a stormy altar of Qazlal.
  9539 | D:10     | Noticed Gastronok
  9923 | D:10     | Reached XP level 12. HP: 106/119 MP: 14/16
  9942 | D:10     | Killed Gastronok
 10026 | D:11     | Noticed Grum
 10072 | D:11     | Killed Grum
 10181 | Lair:1   | Entered Level 1 of the Lair of Beasts
 11064 | Lair:1   | Got an encrusted great sword
 11065 | Lair:1   | Noticed a seven-headed hydra
 11078 | Lair:1   | Killed an 11-headed hydra
 11248 | Lair:1   | Reached skill level 10 in Fighting
 11464 | Lair:2   | Received a gift from Okawaru
 11464 | Lair:2   | Reached skill level 1 in Armour
 11464 | Lair:2   | Reached skill level 1 in Evocations
 11478 | Lair:2   | Got a smoking robe {god gift}
 11481 | Lair:2   | Noticed Sonja
 11595 | Lair:2   | Killed Sonja
 12192 | Lair:2   | Found a runed translucent door.
 12192 | Lair:2   | Noticed XO4YCPATb's ghost (novice TrMo)
 12843 | Lair:3   | Got a faintly glowing silver ring
 12846 | Lair:3   | Identified the ring "Woasorgh" {rN+ EV+4 SInv} (You found
                  | it on level 3 of the Lair of Beasts)
 12913 | Lair:3   | Reached XP level 13. HP: 131/133 MP: 16/18
 13895 | Lair:3   | Received a gift from Okawaru
 13915 | Lair:3   | Identified the +1 robe of Eseosec {+Fly rF- rC++} (Okawaru
                  | gifted it to you on level 2 of the Lair of Beasts)
 14169 | Lair:3   | Reached skill level 5 in Armour
 14318 | Lair:4   | Found a staircase to the Shoals.
 14325 | Lair:4   | Found a hole to the Spider Nest.
 15268 | Lair:5   | Found a staircase to the Slime Pits.
 15413 | Lair:5   | Reached XP level 14. HP: 143/143 MP: 19/19
 15446 | Lair:5   | Received a gift from Okawaru
 16409 | D:13     | Received a gift from Okawaru
 16940 | D:12     | Reached skill level 5 in Evocations
 17313 | D:11     | Received a gift from Okawaru
 17606 | D:11     | Found a staircase to the Orcish Mines.
 17911 | D:11     | Noticed Psyche
 17921 | D:11     | Killed Psyche
 18041 | Orc:1    | Entered Level 1 of the Orcish Mines
 18167 | Orc:1    | Found Fidduemu's Armour Shop.
 18218 | Orc:1    | Bought quicksilver dragon scales for 720 gold pieces
 19141 | D:13     | HP: 6/146 [death knight/+0 great mace (21)]
 19654 | D:13     | Received a gift from Okawaru
 19787 | D:13     | Noticed Kirke
 19795 | D:13     | Killed Kirke
 19864 | D:13     | Found a gate to the Vaults.
 19954 | D:13     | Received a gift from Okawaru
 19974 | D:13     | Reached XP level 15. HP: 101/156 MP: 13/20
 20385 | D:14     | Received a gift from Okawaru
 20406 | D:14     | Found a bloodstained altar of Trog.
 20422 | D:14     | Reached ****** piety under Okawaru
 20456 | D:14     | Noticed Totusom's ghost (journeyman MiFi)
 20707 | D:14     | Found a runed translucent gate.
 20707 | D:14     | Found a runed translucent gate.
 20707 | D:14     | Found a runed translucent gate.
 20739 | D:14     | Received a gift from Okawaru
 21150 | D:14     | Found Facvuilyq's Assorted Antiques.
 21160 | D:14     | Bought a potion of curing for 84 gold pieces
 21160 | D:14     | Bought a scroll of magic mapping for 98 gold pieces
 21160 | D:14     | Bought a potion of haste for 280 gold pieces
 21160 | D:14     | Bought a scroll of teleportation for 84 gold pieces
 21418 | D:15     | Entered Level 15 of the Dungeon
 21505 | D:15     | Found Ecveops's Weapon Shoppe.
 21885 | D:15     | Received a gift from Okawaru
 21890 | D:15     | Got a transparent hat {god gift}
 21901 | D:15     | Identified the +0 hat "Puel" {Str+3} (Okawaru gifted it to
                  | you on level 15 of the Dungeon)
 21922 | D:15     | Found a staircase to the Depths.
 22451 | D:15     | Found an iron altar of Okawaru.
 22984 | Lair:6   | Entered Level 6 of the Lair of Beasts
 23510 | Lair:6   | Reached skill level 10 in Dodging
 24147 | Lair:6   | Found a burning altar of Makhleb.
 24216 | Lair:6   | Found a gateway to Hell.
 24645 | Spider:1 | Entered Level 1 of the Spider Nest
 24770 | Spider:1 | Reached XP level 16. HP: 153/165 MP: 19/21
 24989 | Lair:4   | Received a gift from Okawaru
 26805 | Spider:2 | Identified a scroll of acquirement
 26805 | Spider:2 | Acquired a manual of Throwing
 26837 | Spider:2 | Got a serpentine turquoise ring
 26839 | Spider:2 | Identified the ring of Divine Compulsion {Ice Str+6 Int+4
                  | Stlth-} (You found it on level 2 of the Spider Nest)
 27312 | Spider:2 | Received a gift from Okawaru
 27550 | Shoals:1 | Entered Level 1 of the Shoals
 28012 | Shoals:1 | Noticed Louise
 28021 | Shoals:1 | Killed Louise
 28021 | Shoals:1 | Reached skill level 15 in Unarmed Combat
 28118 | Shoals:1 | Found a runed translucent door.
 28118 | Shoals:1 | Noticed LychAStronaut's ghost (journeyman TrFi)
 28213 | Shoals:1 | Acquired 675 gold pieces
 28603 | Shoals:2 | Noticed Ilsuiw
 28608 | Shoals:2 | Received a gift from Okawaru
 28615 | Shoals:2 | Killed Ilsuiw
 28615 | Shoals:2 | Received a gift from Okawaru
 28648 | Shoals:2 | Reached skill level 1 in Shields
 28683 | Shoals:2 | Found a runed translucent door.
 28695 | Shoals:2 | Found a shimmering altar of Xom.
 28695 | Shoals:2 | Noticed psellion's ghost (adept MiAK)
 28733 | Shoals:2 | Noticed a kraken
 28755 | Shoals:2 | Killed a kraken
 29447 | Spider:3 | Noticed Agnes
 29515 | Spider:2 | Killed Agnes
 29746 | Spider:2 | Reached XP level 17. HP: 146/174 MP: 22/22
 29927 | Spider:3 | Noticed Azrael
 29936 | Spider:2 | Killed Azrael
 30315 | Spider:3 | Noticed Arachne
 30333 | Spider:3 | Killed Arachne
 30903 | Spider:3 | Received a gift from Okawaru
 30903 | Spider:3 | Reached skill level 5 in Shields
 30904 | Spider:3 | Got a smoking robe {god gift}
 31062 | Spider:4 | Entered Level 4 of the Spider Nest
 31627 | Spider:3 | Acquired a +2 kite shield of fire resistance
 33251 | Spider:4 | Received a gift from Okawaru
 33589 | Spider:4 | Got a gossamer rune of Zot
 33945 | Shoals:3 | Reached skill level 10 in Armour
 34078 | Shoals:3 | Reached XP level 18. HP: 157/185 MP: 23/23
 34247 | Shoals:3 | Received a gift from Okawaru
 34305 | Shoals:3 | Found a runed translucent door.
 34308 | Shoals:3 | Noticed Avuolin's ghost (adept HaHu)
 34764 | Shoals:4 | Entered Level 4 of the Shoals
 34998 | Shoals:4 | Noticed Polyphemus
 35352 | Shoals:4 | Identified the Handbook of Flight and Changing
 35750 | Shoals:4 | Got a barnacled rune of Zot
 36537 | Vaults:1 | Entered Level 1 of the Vaults
 36685 | Vaults:1 | Received a gift from Okawaru
 36886 | Vaults:1 | Reached skill level 15 in Fighting
 37524 | Vaults:1 | Received a gift from Okawaru
 37840 | Vaults:1 | Received a gift from Okawaru
 37840 | Vaults:1 | Reached skill level 10 in Throwing
 37870 | Vaults:1 | Reached XP level 19. HP: 201/201 MP: 24/24
 38084 | Vaults:1 | Reached skill level 10 in Shields
 38598 | Vaults:1 | Noticed Asterion
 38609 | Vaults:1 | Killed Asterion
 38954 | Vaults:2 | Received a gift from Okawaru
 39004 | Vaults:2 | Found Hengergh's Weapon Boutique.
 39402 | Vaults:2 | Paralysed by an ogre mage for 5 turns
 40413 | Vaults:2 | Received a gift from Okawaru
 40414 | Vaults:2 | Got an ominously black robe {god gift}
 40415 | Vaults:2 | Identified the +1 robe "Jaragel" {MR+ Int+3} (Okawaru
                  | gifted it to you on level 2 of the Vaults)
 41563 | Vaults:2 | Reached XP level 20. HP: 173/210 MP: 19/25
 42083 | Vaults:3 | Found a staircase to the Crypt.
 42083 | Vaults:3 | Found an ancient bone altar of Kikubaaqudgha.
 42084 | Vaults:3 | Found a basalt altar of Yredelemnul.
 42255 | Vaults:3 | Received a gift from Okawaru
 42914 | Vaults:3 | Found Naol's Jewellery Shoppe.
 42919 | Vaults:3 | Received a gift from Okawaru
 42920 | Vaults:3 | Found the +3 sling "Punk" {acid, rCorr}
 42930 | Vaults:3 | Bought the ring "Rysm" {rF+ rC+ Dex+2} for 734 gold pieces
 43445 | Vaults:4 | Reached skill level 15 in Throwing
 43623 | Vaults:4 | Noticed Sojobo
 44173 | Vaults:4 | Received a gift from Okawaru
 45098 | Vaults:4 | Identified the +5 ring mail "Cucriw" {-Cast Regen+ MP+9
                  | Slay+4}
 45125 | Vaults:3 | Slain by an orc warrior

Illustrated notes

Levels and vault maps discovered:
D:1:      dpeg_arrival_central, layout_loops_corners
D:2:      layout_basic, hangedman_decor_lopped
D:3:      layout_rooms, old_standard_altar, lemuel_doored_altar, minmay_rat_hole
D:4:      layout_basic, xom_confusion_cloud, kennysheep_slug_shrine,
          nicolae_overflow_hidden_temple, minmay_misc_feat_x
D:5:      layout_basic, biasface_ghost_orc_armoury
D:6:      layout_loops_ring, zin_academy, serial_shops,
          nicolae_shop_behind_doors
D:7:      minmay_recursive_quarters, layout_basic, kennysheep_mini_moat,
          minmay_temple_entry_water_ring, nicolae_tso_besieged_by_evil
D:8:      layout_loops_cross, nicolae_overflow_crystal_walls, serial_shops,
          nicolae_shop_waterfront, uniq_maggie
D:9:      layout_stronghold, elyvilon_altar_5, kennysheep_another_room,
          minivault_7, uniq_erica
D:10:     layout_roguey, erik_lair_orcish_takeover,
          nicolae_qazlal_general_emergency, uniq_gastronok
D:11:     layout_long_grid, orc_david_3, uniq_psyche, uniq_grum
D:12:     layout_basic, basic_altar
D:13:     layout_small_grid, david_vaults_4, serial_shops,
          kennysheep_little_box, eino_tiny_chamber, uniq_kirke
D:14:     layout_roguey, serial_shops, shop, basic_altar, gammafunk_ghost_icy,
          minmay_misc_feat_roman, chequers_jeans
D:15:     grunt_enter_depths_magical_seal, layout_small_grid, basic_altar,
          serial_shops, shop
Temple:   nicolae_temple_figure_eight
Lair:1:   layout_cave_pods, lemuel_fruit_fields, serial_bayou_shore_a,
          grunt_megastairs_1
Lair:2:   layout_cellular_growth, gammafunk_ghost_grave, uniq_sonja
Lair:3:   layout_roguey, minmay_stone_trees_medium, serial_bayou_shore_b,
          minmay_lair_oklob_chamber, grunt_megastairs_3
Lair:4:   layout_hall_layers, shoals_dummy_entry, dummy_spider_entry,
          kilobyte_rumbling_trees
Lair:5:   layout_roguey, slime_dummy
Lair:6:   evil_forest, layout_gridlike
Shoals:1: layout_shoals, gammafunk_ghost_grave, uniq_louise
Shoals:2: layout_shoals, ebering_ghost_xom, uniq_ilsuiw
Shoals:3: layout_shoals, gammafunk_ghost_grave
Shoals:4: shoals_end_grunt_garden, layout_shoals,
          nicolae_shoals_circle_sea_wall, shoals_oasis, uniq_polyphemus
Spider:1: layout_spider_delve, drop_trap
Spider:2: layout_spider_delve
Spider:3: layout_spider_delve, uniq_azrael, uniq_arachne, uniq_agnes
Spider:4: grunt_spider_rune_parallel
Orc:1:    layout_diamond_mine, special_room [special_room_orc], serial_shops,
          shop, nooodl_orcs_dogs
Vaults:1: v_misc_3, grunt_vaults_funnel, vaults_standard_mumra_x,
          nicolae_vaults_mini_display_case, v_misc_12, v_pattern_1,
          nicolae_vaults_bisected_slash, grunt_vaults_hallway_short,
          ontoclasm_vaults_decontamination, nicolae_vaults_specimen_jars,
          layout_vaults_quadrants, uniq_asterion
Vaults:2: nicolae_vaults_triangles, grunt_vaults_twisty,
          nicolae_vaults_fighting_squares, nicolae_vaults_little_squares_4,
          ontoclasm_vaults_hangar, nicolae_vaults_little_squares_4,
          grunt_vaults_hallway_long, hangedman_vaults_variations,
          ontoclasm_vaults_idyll, v_misc_3, hangedman_vaults_impose,
          vaults_mumra_hex, v_misc_23, layout_vaults_maze_snakey, serial_shops,
          shop
Vaults:3: v_misc_3, nicolae_vaults_network_s, v_alt_pattern_4,
          hangedman_vaults_locks, hangedman_vaults_pinch,
          nicolae_vaults_ninety_degrees, minmay_crypt_entry_necro_gods,
          v_alt_pattern_5, vaults_room_glass_cross,
          ontoclasm_vaults_loading_screen, ontoclasm_vaults_twist,
          grunt_vaults_focal, nicolae_vaults_little_squares_3,
          vaults_room_hallway, nicolae_vaults_diagonal_hallway_6,
          layout_vaults_ring, serial_shops, nicolae_shop_crystal
Vaults:4: v_misc_3, v_misc_4, nicolae_vaults_little_squares_6,
          grunt_vaults_swirl, vaults_room_large_hall, v_alt_pattern_2,
          v_alt_pattern_1, vaults_room_corners, v_misc_1, serial_ice_m,
          vaults_room_hallway, layout_vaults_omnicross, uniq_bai_suzhen,
          uniq_sojobo

Skill      XL: |  1  2  3  4  5  6  7  8  9 10 11 12 13 14 15 16 17 18 19 20 |
---------------+-------------------------------------------------------------+-----
Unarmed Combat | 4 5 6 8 9 10 12 13 15 | 15.0
Dodging        | 3 4 5 7 8 10 12 | 12.0
Fighting       | 3 4 5 6 7 10 11 12 13 15 | 15.0
Invocations    | 1 2 4 5 7 8 |  8.0
Throwing       | 1 4 5 7 8 10 14 15 | 15.6
Armour         | 3 8 10 | 10.0
Evocations     | 2 4 7 8 |  8.0
Shields        | 3 8 9 12 13 | 13.6
Stealth        | |  1.0

Action                   |  1- 3 |  4- 6 |  7- 9 | 10-12 | 13-15 | 16-18 | 19-21 || total
-------------------------+-------+-------+-------+-------+-------+-------+-------++-------
Melee: Unarmed           |    94 |   166 |   389 |   774 |  1552 |  1852 |  1196 ||  6023
       Punch             |     1 |     4 |    22 |    47 |   133 |    41 |       ||   248
Throw: Boomerang         |       |       |       |    16 |    51 |   248 |    20 ||   335
 Cast: Corona            |       |       |     1 |       |       |       |       ||     1
       Apportation       |       |       |       |     2 |       |     4 |       ||     6
Invok: Heroism           |       |       |       |     4 |    15 |    14 |     7 ||    40
       Finesse           |       |       |       |     3 |     8 |     9 |     3 ||    23
Evoke: Wand              |       |       |       |    13 |    12 |     8 |     1 ||    34
       Condenser vane    |       |       |       |       |       |     6 |     2 ||     8
  Use: Scroll            |       |       |    10 |     5 |     9 |    22 |     5 ||    51
       Potion            |       |       |     1 |     2 |     2 |     3 |       ||     8
 Stab: Sleeping          |     2 |     2 |     3 |     2 |     3 |     1 |     3 ||    16
       Distracted        |       |       |       |     1 |       |       |       ||     1
       Paralysed         |       |       |       |       |    12 |     2 |       ||    14
Armor: Robe              |    41 |    49 |    57 |       |       |       |       ||   147
       Acid dragon scale |       |       |    17 |   242 |   131 |       |       ||   390
       Quicksilver drago |       |       |       |       |   217 |   630 |    25 ||   872
       Shadow dragon sca |       |       |       |       |       |       |   177 ||   177
Dodge: Dodged            |    58 |    89 |   199 |   512 |  1446 |  1707 |   460 ||  4471
Block: Other             |       |       |       |       |       |    81 |       ||    81
       Reflection        |       |       |       |       |       |    80 |    57 ||   137
       Kite shield       |       |       |       |       |       |  1347 |   903 ||  2250

Table legend: (Time is in decaauts)
 A = Elapsed time spent in this place.
 B = Non-inter-level travel time spent in this place.
 C = Inter-level travel time spent in this place.
 D = Time resting spent in this place.
 E = Time spent auto-exploring this place.
 F = Levels seen in this place.
 G = Mean time per level.
                   A        B        C        D        E       F      G
               +--------+--------+--------+--------+--------+-----+--------+
         Total |  43849 |  41219 |   2630 |   8946 |  21834 |  35 | 1252.8 |
       Dungeon |  15842 |  14552 |   1290 |   1783 |   8941 |  15 | 1056.1 |
        Temple |     83 |     67 |     16 |      0 |     66 |   1 |   83.0 |
          Lair |   7573 |   7004 |    569 |   1113 |   4473 |   6 | 1262.2 |
        Shoals |   4543 |   4236 |    307 |    765 |   2233 |   4 | 1135.8 |
   Spider Nest |   6785 |   6545 |    240 |   2819 |   1991 |   4 | 1696.2 |
  Orcish Mines |    943 |    938 |      5 |      0 |    681 |   1 |  943.0 |
        Vaults |   8077 |   7877 |    200 |   2464 |   3447 |   4 | 2019.2 |
               +--------+--------+--------+--------+--------+-----+--------+

Top non-repeatable levels by time:
Vaults:1: 2591 daAuts
Vaults:3: 2337 daAuts
Spider:4: 2053 daAuts
Vaults:2: 1971 daAuts
Spider:1: 1867 daAuts
Spider:2: 1717 daAuts
    D:12: 1715 daAuts
    D:13: 1519 daAuts
    D:10: 1499 daAuts
  Lair:4: 1424 daAuts
Shoals:4: 1403 daAuts
  Lair:1: 1381 daAuts
  Lair:2: 1373 daAuts
  Lair:6: 1273 daAuts
     D:9: 1233 daAuts
